 Dungeon Crawl Stone Soup version 0.31-a0-1082-g7d1fb776a8 (webtiles) character file.

Game seed: 1354571639880724235

156 Flugslaktarn the Changeling (level 5, -2/33 (35) HPs)
             Began as an Octopode Shapeshifter on Nov 28, 2023.
             Was an Initiate of Ashenzari.
             Slain by an orc wizard
             ... wielding a +0 dagger
              (3 damage)
             ... on level 3 of the Dungeon.
             The game lasted 00:01:38 (2119 turns).

Flugslaktarn the Changeling (Octopode Shapeshifter) Turns: 2119, Time: 00:01:38

HP:   -2/33 (35)    AC:  1    Str: 14    XL:     5   Next: 37%
MP:   5/5           EV: 13    Int: 12    God:    Ashenzari [......]
Gold: 51            SH:  0    Dex: 13    Spells: 4/4 levels left

rFire   . .          .
                       - Unarmed
rCold   . . .        (no shield)
rNeg    . . .        (helmet currently unavailable)
rPois   .            (no amulet)
rElec   .            (no ring)
rCorr   .            (no ring)
SInv    .            (no ring)
Will    .....        (no ring)
Stlth   ++           (no ring)
HPRegen 0.25/turn    (no ring)
MPRegen 0.09/turn    (no ring)
                     (no ring)

%: no passive effects
@: beast-form, drained
A: beast (slay +2), almost no armour, amphibious, 8 rings, camouflage 1,
gelatinous body 1, (nimble swimmer 1), tentacles
a: Begin Untransformation, Renounce Religion, Curse Item


You were on level 3 of the Dungeon.
You worshipped Ashenzari.
Ashenzari was noncommittal.
You were a hulking beast.
You visited 1 branch of the dungeon, and saw 3 of its levels.

You collected 123 gold pieces.
You spent 72 gold pieces at shops.

Inventory:

Missiles
 o - 2 throwing nets
Talismans
 b - a beast talisman
 c - a flux talisman
Scrolls
 a - 3 scrolls of summoning
 d - a scroll of enchant weapon
 e - a scroll of fear {unknown}
 g - a scroll of enchant armour
 j - a scroll of brand weapon {unknown}
 l - a scroll of revelation
 m - a scroll of silence {unknown}
 n - a scroll of torment {unknown}
Potions
 h - 2 potions of degeneration {unknown}
 i - a potion of attraction {unknown}
 k - a potion of berserk rage {unknown}


   Skills:
 + Level 2.5 Fighting
 - Level 2.0 Dodging
 + Level 3.9 Unarmed Combat
 * Level 4.4 Shapeshifting


You had 4 spell levels left.
You didn't know any spells.
Your spell library was empty.

Dungeon Overview and Level Annotations

Branches:
Dungeon (3/15)

Altars:
Ashenzari
Cheibriados
Kikubaaqudgha
Vehumet

Shops:
D:3 *


Innate Abilities, Weirdness & Mutations

You are a hulking beast.
Your limbs bulge with bestial killing power. (Slay +2)
You cannot wear most types of armour.
You are amphibious.
You can wear up to eight rings at the same time.
Your skin changes colour to match your surroundings (Stealth+).
Your rubbery body absorbs attacks. (AC +1, EV +1)
((You are camouflaged when in or above water. (Stealth+)))
You have tentacles for arms and can constrict up to eight enemies at once.


Message History

No target in view!
No target in view!
No target in view!
No target in view!
There is an open door here.
You open the door. 4 orc wizards come into view.
Found Kikubaaqudgha's Folio of Skeletons.
Found an ancient bone altar of Kikubaaqudgha.
There are monsters nearby!
There are monsters nearby!
An orc wizard comes into view. It is wielding a +1 dagger of draining.
The orc wizard shouts! x5
The orc wizard points at you and mumbles some strange words.
The magic dart hits you!
The orc wizard hits you with a +0 dagger.
There is an open door here.
You tentacle-slap the orc wizard. Your grab misses the orc wizard.
Your squeeze misses the orc wizard.
The orc wizard is lightly wounded.
The orc wizard casts a spell at you. The magic dart hits you!
The orc wizard closely misses you. x2
You barely miss the orc wizard. Your grab misses the orc wizard.
Your squeeze misses the orc wizard.
The orc wizard is lightly wounded.
The orc wizard casts a spell at you. You resist with some effort.
The orc wizard casts a spell at you.
You are confused.
The orc wizard misses you.
The orc wizard gestures wildly while chanting.
The orc wizard flickers and vanishes!
Deactivating autopickup; reactivate with Ctrl-A.
You are too confused!
You are too confused!
You are too confused!
The orc wizard attacks as it pursues you!
The orc wizard closely misses you.
It was a potion of heal wounds.
You feel much better.
w - a potion of heal wounds The orc wizard gestures at you while chanting.
You resist with some effort.
You miss the orc wizard. Your squeeze misses the orc wizard.
The orc wizard is lightly wounded.
The orc wizard gestures wildly while chanting.
The orc wizard flickers and vanishes!
You tentacle-slap the orc wizard.
The orc wizard is moderately wounded.
The orc wizard hits you with a +0 dagger.
You are too confused!
Unknown command.
You barely miss the orc wizard.
The orc wizard is moderately wounded.
The orc wizard points at you and mumbles some strange words.
You are more confused.
The orc wizard hits you with a +0 dagger.
You barely miss the orc wizard. You squeeze the orc wizard.
The orc wizard is severely wounded.
The orc wizard misses you. The orc wizard closely misses you.
The orc wizard attacks as it pursues you!
The orc wizard hits you with a +0 dagger.
The orc wizard casts a spell at you. The puff of flame hits you!
The orc wizard gestures wildly while chanting.
The orc wizard flickers and vanishes!
There is a fountain of clear blue water here.
The orc wizard hits you with a +0 dagger.
The orc wizard hits you with a +1 dagger of draining.
You feel drained. Something hits you.
* * * LOW HITPOINT WARNING * * *
You tentacle-slap the orc wizard.
The orc wizard is lightly wounded.
The orc wizard hits you with a +0 dagger.
* * * LOW HITPOINT WARNING * * *
You hear some strange, mumbled words.
Something tries to affect you, but you resist.
You feel much better.
The orc wizard is engulfed in a cloud of scalding steam.
The orc wizard hits you with a +1 dagger of draining.
You feel drained.
The orc wizard mumbles some strange words.
The orc wizard flickers and vanishes!
Something hits you. x3
You barely miss something.
You feel less confused. Something hits you. The orc wizard barely misses you.
Something hits you.
* * * LOW HITPOINT WARNING * * *
You hear some strange, mumbled words.
A puff of flame appears from out of thin air!
The puff of flame hits you.
* * * LOW HITPOINT WARNING * * *
You tentacle-slap the orc wizard.
You kill the orc wizard!
Something hits you.
* * * LOW HITPOINT WARNING * * *
Something hits you.
* * * LOW HITPOINT WARNING * * *
You hear some strange, mumbled words.
Something tries to affect you, but you resist.
Something hits you.
You die...

########## #........# ######
###.###....####.....
##.....##............
##..⌠.⌠.†##...........
##....⌠....##.......)..
#....{h)....#..........
#.....{{....#..........
*******##+###'###'##).........
*,,,,,**,,,#...#...###########
*,***,**,_,#._.#._.# *,,,.....
*,***,,****######### *,**....#
*,*,,,,***************,**.,,,*
*>,,,,,,,,,,,,,,,,,,,,,,+,,,,*
*****,****************,**,,,,,


There were no monsters in sight!

Vanquished Creatures
  Terence (D:2)
  2 orc wizards (D:3)
  Robin (D:2)
  An adder (D:2)
  2 worms
  An orc (D:3)
  7 endoplasms
  4 giant cockroaches
  13 goblins
  8 hobgoblins
  5 jackals (D:2)
  A quokka (D:1)
  4 ball pythons
  7 bats
  7 frilled lizards
  2 kobolds
  9 rats
75 creatures vanquished.

Notes
Turn   | Place    | Note
-------+----------+-------------------------------------------
     0 | D:1      | Flugslaktarn the Octopode Shapeshifter began the quest for
                  | the Orb.
     0 | D:1      | Reached XP level 1. HP: 13/13 MP: 1/1
   314 | D:1      | Reached XP level 2. HP: 18/18 MP: 2/2
   807 | D:2      | Reached XP level 3. HP: 18/23 MP: 3/3
   871 | D:2      | Found a faded altar of an unknown god.
   943 | D:2      | Prayed at the altar of an unknown god.
   943 | D:2      | Became a worshipper of Ashenzari the Shackled
  1026 | D:2      | Noticed Terence
  1035 | D:2      | Killed Terence
  1036 | D:2      | Reached XP level 4. HP: 8/29 MP: 4/4
  1238 | D:2      | Reached skill level 4 in Shapeshifting
  1327 | D:2      | Identified the +1 helmet of Activism {rElec}
  1327 | D:2      | Noticed Robin
  1345 | D:2      | Killed Robin
  1617 | D:2      | Reached XP level 5. HP: 28/34 MP: 5/5
  1816 | D:3      | Found Dasuotou's Assorted Antiques.
  1837 | D:3      | Found a snail-covered altar of Cheibriados.
  1841 | D:3      | Bought a scroll labelled VIUTEF CASY for 25 gold pieces
  1841 | D:3      | Bought a scroll labelled PEVIAN TOGH for 25 gold pieces
  1841 | D:3      | Bought a fizzy yellow potion for 22 gold pieces
  2095 | D:3      | Found a radiant altar of Vehumet.
  2103 | D:3      | Found an ancient bone altar of Kikubaaqudgha.
  2119 | D:3      | HP: 1/33 [something (1)]
  2119 | D:3      | Slain by an orc wizard

Illustrated notes

Levels and vault maps discovered:
D:1:      minmay_arrival_plants_in_alcoves, layout_loops_ring,
          kennysheep_small_spiral
D:2:      layout_loops_cross, ebering_ecumenical_altar_abandoned,
          serial_bayou_pond_d, st_stairs_1, uniq_terence, uniq_robin
D:3:      layout_basic, palyth_temple_overflow_mages,
          mainiacjoe_overflow_catwalk, serial_shops, shop

Skill      XL: |  1  2  3  4 |
---------------+-------------+-----
Fighting       | 2 |  2.5
Shapeshifting  | 4 |  4.4
Dodging        | |  2.0
Unarmed Combat | |  3.9

Action                     |  1- 3 |  4- 6 || total
---------------------------+-------+-------++-------
  Melee: Unarmed           |    50 |    81 ||   131
         Tentacles         |    11 |    13 ||    24
         Constrict         |    10 |    23 ||    33
         Punch             |       |     1 ||     1
    Use: Scroll            |     2 |     3 ||     5
         Potion            |     1 |     3 ||     4
   Stab: Sleeping          |     6 |     9 ||    15
         Distracted        |       |     1 ||     1
 Armour: Skin              |    20 |    50 ||    70
  Dodge: Dodged            |    18 |    51 ||    69

Table legend: (Time is in decaauts)
 A = Elapsed time spent in this place.
 B = Non-inter-level travel time spent in this place.
 C = Inter-level travel time spent in this place.
 D = Time resting spent in this place.
 E = Time spent auto-exploring this place.
 F = Levels seen in this place.
 G = Mean time per level.
                   A        B        C        D        E       F      G
               +--------+--------+--------+--------+--------+-----+--------+
         Total |   2110 |   2016 |     94 |     80 |   1563 |   3 |  703.3 |
       Dungeon |   2110 |   2016 |     94 |     80 |   1563 |   3 |  703.3 |
               +--------+--------+--------+--------+--------+-----+--------+

Top non-repeatable levels by time:
     D:2: 964 daAuts
     D:1: 749 daAuts
     D:3: 396 daAuts
